Match 47182168
Unlisted

Match 47182168
End
Pioneer Squad
Construct Infanterie Kompanie
Pioneer Squad
Selects Terror Battlegroup
MG 42 Machine Gun Team
MG 42 Machine Gun Team
Selects Machine Gun Camouflage
Grenadier Squad
Construct Luftwaffe Kompanie
221 Scout Car
Flak 30 Anti-aircraft Gun Team
Jäger Squad
Luftwaffe Officer Quarters
Jäger Squad
Selects No Quarter
Construct Panzer Kompanie
Medical Station
Pioneer Squad
Stoßtruppen Squad
Panzer IV Medium Tank
Nico-Nico-Nii~~
[PD]Lurgi
0
0

Comments sign in to comment!

No comments posted yet!